 Dungeon Crawl Stone Soup version 0.24.1-11-gbbbb2193e6 (webtiles) character file.

Game seed: 17194445502836272645, levelgen mode: deterministic

154 Hugehornet the Insei (level 5, 0/33 HPs)
             Began as an Octopode Transmuter on May 11, 2020.
             Killed by nerve-wracking pain
             ... invoked by Grinder
              (11 damage)
             ... on level 3 of the Dungeon.
             The game lasted 00:04:22 (3024 turns).

Hugehornet the Insei (Octopode Transmuter)          Turns: 3024, Time: 00:04:22

Health: 0/33       AC:  2    Str:  9    XL:     5   Next: 35%
Magic:  3/9        EV: 20    Int: 19    God:
Gold:   140        SH:  0    Dex: 21    Spells: 4/10 levels left

rFire    . . .     SeeInvis .     - Unarmed
rCold    . . .     Gourm    .   (shield currently unavailable)
rNeg     . . .     Faith    .   (helmet currently unavailable)
rPois    x         Spirit   .   (no amulet)
rElec    .         Reflect  .   e - +3 ring of dexterity
rCorr    .         Harm     .   f - +3 ring of intelligence
MR       .....                  (no ring)
Stlth    ++........             (no ring)
HPRegen  0.11/turn              (no ring)
MPRegen  0.11/turn              (no ring)
                                (no ring)
                                (no ring)

@: spider-form, very slightly contaminated
A: tiny, almost no armour, stealthy swim, (amphibious), 8 rings, (constrict 8)
a: End Transformation


You were on level 3 of the Dungeon.
You were very hungry.
You were a venomous arachnid creature.
You visited 1 branch of the dungeon, and saw 3 of its levels.

You collected 140 gold pieces.

Inventory:

Missiles
 a - 84 arrows
Jewellery
 e - a +3 ring of dexterity (left front leg)
 f - a +3 ring of intelligence (right front leg)
Scrolls
 i - 2 scrolls of teleportation
 j - a scroll of enchant armour {unknown}
 l - a scroll of identify {unknown}
 m - a scroll of fog {unknown}
Potions
 b - a potion of flight {unknown}
 d - a potion of curing {unknown}
 g - a potion of brilliance {unknown}
 h - a potion of agility {unknown}
 k - a potion of ambrosia {unknown}
Comestibles
 c - 5 rations


   Skills:
 - Level 1.0 Fighting
 - Level 2.0 Dodging
 + Level 3.6 Unarmed Combat
 + Level 3.1 Spellcasting
 * Level 3.1 Transmutations
 - Level 3.0 Poison Magic


You had 4 spell levels left.
You knew the following spells:

 Your Spells              Type           Power        Failure   Level  Hunger
a - Beastly Appendage     Tmut           ##....       13%         1    None
b - Sticks to Snakes      Tmut           ##......     17%         2    ##.....
c - Spider Form           Tmut/Pois      ##........   30%         3    ###....

Your spell library contained the following spells:

 Spells                   Type           Power        Failure   Level  Hunger
 Ice Form                 Ice/Tmut       #.......     80%         4    ####...
 Blade Hands              Tmut           ##........   89%         5    ######.


Dungeon Overview and Level Annotations

Branches:
Dungeon (3/15)

Altars:
Xom

Annotations:
D:3 Grinder


Innate Abilities, Weirdness & Mutations

You cannot wear most types of armour.
You are very stealthy in the water. (Stealth+)
((You are amphibious.))
You can wear up to eight rings at the same time.
((You can use your tentacles to constrict eight enemies at once.))
((Your skin changes colour to match your surroundings (Stealth+).))
((Your rubbery body absorbs attacks. (AC +1, EV +1)))


Message History

Grinder is lightly wounded.
Grinder gestures at you. Pain shoots through your body!
You hit Grinder but do no damage.
Grinder is lightly wounded.
Grinder hits you but does no damage.
You hit Grinder.
Grinder is moderately wounded.
Grinder gestures at you.
You suddenly lose the ability to move!
Grinder blinks!
You can move again.
Okay, then.
Grinder gestures at you.
You barely resist. You hit Grinder.
Grinder is moderately wounded.
Grinder gestures at you. Pain shoots through your body!
You die...

#.## ##.....## ####. #.#
##...## ##. #.# ##+## #..
#####.## #.######## #.#
#......# #........# #..
#.###..# ##.#.##.#.# #.#
#..#### ##...)##.#.# #.#
#.>##.####.....##.#.####.#
#....#...s5.......<..>...#
##.##.######.#.##.#.######
#.#### #......#.# #.#
#.#......# ..# #.########
### #.# #.# ###########
#.# #.........# #####.#


You could see Grinder.

Vanquished Creatures
  Crazy Yiuf (D:2)
  Jessica (D:3)
  2 adders (D:3)
  A shadow imp (D:3)
  An ooze (D:1)
  3 leopard geckos
  A giant cockroach (D:3)
  10 goblins
  9 hobgoblins
  7 jackals (D:1)
  2 quokkas (D:2)
  5 ball pythons
  5 bats
  4 frilled lizards
  5 kobolds
  9 rats
66 creatures vanquished.

Notes
Turn   | Place    | Note
-------+----------+-------------------------------------------
     0 | D:1      | Hugehornet the Octopode Transmuter began the quest for the
                  | Orb.
     0 | D:1      | Reached XP level 1. HP: 13/13 MP: 3/3
    26 | D:1      | Reached XP level 2. HP: 15/18 MP: 3/5
    30 | D:1      | Learned a level 2 spell: Sticks to Snakes
   514 | D:1      | Reached XP level 3. HP: 23/23 MP: 4/6
   541 | D:1      | Learned a level 3 spell: Spider Form
   553 | D:1      | Found a shimmering altar of Xom.
  1063 | D:2      | Reached skill level 1 in Poison Magic
  1216 | D:2      | Found a runed translucent door.
  1258 | D:2      | Noticed Crazy Yiuf
  1267 | D:2      | Killed Crazy Yiuf
  1267 | D:2      | Reached XP level 4. HP: 22/28 MP: 5/8
  2376 | D:3      | Noticed Jessica
  2388 | D:3      | Killed Jessica
  2388 | D:3      | Reached XP level 5. HP: 29/33 MP: 6/9
  3009 | D:3      | Noticed Grinder
  3019 | D:3      | Paralysed by Grinder for 3 turns
  3024 | D:3      | Killed from afar by Grinder

Levels and vault maps discovered:
D:1:      beargit_arrival_greenhouse, layout_basic, xom_teletrap_fun
D:2:      layout_loops_ring, uniq_crazy_yiuf_cottage
D:3:      layout_loops_corners, minmay_overflow_temple_hex, uniq_jessica,
          uniq_grinder

Skill      XL: |  1  2  3  4  5 |
---------------+----------------+-----
Transmutations | 3 |  3.1
Poison Magic   | 2 3 |  3.0
Spellcasting   | 3 |  3.1
Fighting       | |  1.0
Dodging        | |  2.0
Unarmed Combat | |  3.6

Action                   |  1- 3 |  4- 6 || total
-------------------------+-------+-------++-------
Melee: Unarmed           |    78 |    59 ||   137
       Constrict         |    23 |    14 ||    37
       Tentacles         |     9 |     6 ||    15
       Kick              |    21 |    13 ||    34
       Punch             |       |     1 ||     1
 Cast: Beastly Appendage |    20 |    20 ||    40
       Spider Form       |     1 |     2 ||     3
 Abil: End Transformatio |       |     1 ||     1
  Use: Scroll            |       |     4 ||     4
 Stab: Sleeping          |     3 |     2 ||     5
  Eat: Chunk             |     1 |     5 ||     6
Armor: Skin              |     5 |     4 ||     9
Dodge: Dodged            |    49 |    35 ||    84
